 Dungeon Crawl Stone Soup version 0.29-a0-925-g0a7a3d12f8 (webtiles) character file.

Game seed: 15611012044463638780

163 mcwallace the Chiller (level 5, -2/28 HPs)
             Began as a Deep Elf Ice Elementalist on July 30, 2022.
             Slain by an ice beast (13 damage)
             ... on level 6 of the Dungeon.
             The game lasted 00:06:58 (3289 turns).

mcwallace the Chiller (Deep Elf Ice Elementalist)   Turns: 3289, Time: 00:06:58

Health: -2/28      AC:  6    Str:  5    XL:     5   Next: 20%
Magic:  14/14      EV: 13    Int: 22    God:
Gold:   135        SH:  0    Dex: 15    Spells: 6/13 levels left

rFire   . . .      SeeInvis .   t - +0 quarterstaff {staff}
rCold   . . .      Faith    .   (shield currently unavailable)
rNeg    + . .      Spirit   .   a - +0 robe
rPois   .          Reflect  .   (no helmet)
rElec   .          Harm     .   (no cloak)
rCorr   .          Rampage  .   (no gloves)
Will    .....                   (no boots)
Stlth   ++........              (no amulet)
HPRegen 0.09/turn               s - +4 ring of protection
MPRegen 0.14/turn               z - ring of positive energy

@: no status effects
A: no striking features
a: no special abilities


You were on level 6 of the Dungeon.
You visited 1 branch of the dungeon, and saw 4 of its levels.

You collected 135 gold pieces.


   Skills:
 + Level 4.2 Dodging
 - Level 2.4 Stealth
 + Level 4.8 Spellcasting
 + Level 5.4 Ice Magic


You had 6 spell levels left.
You knew the following spells:

 Your Spells              Type           Power      Damage    Failure   Level
a - Freeze                Ice            100%       1d11      1%          1
b - Frozen Ramparts       Ice            58%        1d7       3%          3
c - Ozocubu's Armour      Ice            29%        N/A       3%          3

Your spell library contained the following spells:

 Spells                   Type           Power      Damage    Failure   Level
 Ignite Poison            Fire/Tmut/Pois 5%         N/A       30%         3
 Mephitic Cloud           Conj/Pois/Air  5%         N/A       30%         3
 Hailstorm                Conj/Ice       17%        3d6       32%         4
 Freezing Cloud           Conj/Ice/Air   6%         6-21      80%         5

Inventory:

Hand Weapons
 e - a +0 short sword {short}
   (You found it on level 1 of the Dungeon)
 k - a +0 scimitar {long}
   (You found it on level 1 of the Dungeon)
 l - a +1 dagger of draining {short}
   (You found it on level 2 of the Dungeon)
 t - a +0 quarterstaff (weapon) {staff}
   (You found it on level 3 of the Dungeon)
Missiles
 h - 11 poisoned darts {throwing}
 p - 38 stones {throwing}
 w - 4 javelins {throwing}
Armour
 a - a +0 robe (worn)
 c - a +0 leather armour
   (You found it on level 1 of the Dungeon)
 i - a +0 scale mail
   (You found it on level 1 of the Dungeon)
 n - a +0 robe
   (You found it on level 2 of the Dungeon)
 u - a +0 leather armour
   (You found it on level 3 of the Dungeon)
 y - a +0 plate armour
   (You found it on level 3 of the Dungeon)
 A - a +0 ring mail
   (You found it on level 3 of the Dungeon)
Jewellery
 s - a +4 ring of protection (left hand)
   (You found it on level 2 of the Dungeon)
 z - a ring of positive energy (right hand)
   (You found it on level 3 of the Dungeon)
Wands
 m - a wand of flame (13)
   (You took it off a goblin on level 2 of the Dungeon)
Scrolls
 d - a scroll of teleportation {unknown}
 f - 4 scrolls of identify {unknown}
 r - 2 scrolls of noise {unknown}
 x - a scroll of immolation {unknown}
 B - a scroll of enchant weapon {unknown}
Potions
 b - a potion of magic
 g - a potion of attraction {unknown}
 j - a potion of haste {unknown}
 o - a potion of flight {unknown}
 q - a potion of degeneration {unknown}
 v - a potion of cancellation {unknown}

Dungeon Overview and Level Annotations

Branches:
Dungeon (3/15) Zot: 20683

Altars:
Fedhas

###############
#.............#
#.............#
#.............#
#.............#
#.............#
#.......#######
#......@#
#......Y#
#.......#
#.......#
#.......#
#.......#
#.......#
.....#####
......#


You could see an ice beast.


Message History

😎 MP[-3]
You lost 3 mp, and now have 11/14 mp.
You closely miss the quokka.
The wall freezes the quokka.
You kill the quokka!
The frozen ramparts melt away.
Found a blossoming altar of Fedhas. 😎 MP[+3]
Your mp is fully restored (14).
z - a ring of positive energy
z - a ring of positive energy (right hand)
You see here a frilled lizard corpse.
You open the door.
There is an open door here.
Found a stone staircase leading down.
Found a faded altar of an unknown god.
You now have 123 gold pieces (gained 17).
p - 38 stones {throwing} (gained 5)
You enter the shallow water.
Moving in this stuff is going to be slow.
An endoplasm comes into view.
An endoplasm is nearby!
The helpless endoplasm fails to defend itself.
You hit the endoplasm. The endoplasm freezes you.
You are frozen. 😕 HP[-3]
You take 3 damage, and now have 25/28 hp.
You barely miss the endoplasm.
The endoplasm hits you but does no damage.
An endoplasm is nearby!
You hit the endoplasm.
You kill the endoplasm!
Unknown command.
No target in view!
Found a stone staircase leading up. 😎 HP[+3]
Your hp is fully restored (28).
A - a +0 ring mail Key pressed, stopping explore.
No target in view!
You open the door.
There is an open door here.
A hobgoblin comes into view.
The helpless hobgoblin fails to defend itself.
You hit the hobgoblin but do no damage. The hobgoblin completely misses you.
The hobgoblin hits you but does no damage.
You hit the hobgoblin.
The hobgoblin hits you but does no damage.
A hobgoblin is nearby!
A hobgoblin is nearby!
You thump the hobgoblin!
You kill the hobgoblin!
No target in view!
No target in view!
No target in view!
You see here a hobgoblin corpse.
As you open the door, it creaks loudly!
There is an open door here.
You see here a +0 whip {mace}.
B - a scroll labelled PEINNA USEUGH A kobold comes into view.
It is wielding a +0 short sword. 2 gnolls come into view.
A sourceless malevolence fills the Dungeon...
You fall into a shaft and drop 3 floors!
The shaft crumbles and collapses.
You now have 135 gold pieces (gained 12).
An ice beast comes into view.
Aiming: Throw Flame
Press: ? - help, Q - select action, (/) - cycle Shift-Dir - straight line, f - ice beast
Aim: an ice beast (68% to hit)
The puff of flame misses the ice beast.
Aiming: Throw Flame
Press: ? - help, Q - select action, (/) - cycle Shift-Dir - straight line, f/p - ice beast
Aim: an ice beast (68% to hit)
The puff of flame hits the ice beast.
The ice beast melts!
Aiming: Throw Flame
Press: ? - help, Q - select action, (/) - cycle Shift-Dir - straight line, f/p - ice beast
Aim: an ice beast (moderately wounded, 68% to hit)
The puff of flame hits the ice beast.
The ice beast melts!
Aiming: Throw Flame
Press: ? - help, Q - select action, (/) - cycle Shift-Dir - straight line, f/p - ice beast
Aim: an ice beast (moderately wounded, 68% to hit)
The puff of flame hits the ice beast!
The ice beast melts!
You hit the ice beast but do no damage.
The ice beast hits you but does no damage.
You barely miss the ice beast. The ice beast hits you.
The ice beast freezes you!
Ouch! That really hurt!
* * * LOW HITPOINT WARNING * * *
😨 HP[-15]
You take 15 damage, and now have 13/28 hp.
MASSIVE DAMAGE!! (PAUSE)
Aiming: Throw Flame
Press: ? - help, Q - select action, (/) - cycle Shift-Dir - straight line, f/p - ice beast
Aim: an ice beast (severely wounded, 68% to hit)
The puff of flame misses the ice beast.
The ice beast hits you.
* * * LOW HITPOINT WARNING * * *
The ice beast freezes you!
You die...

Skill      XL: |  1  2  3  4 |
---------------+-------------+-----
Dodging        | 3 4 |  4.2
Spellcasting   | 4 |  4.8
Ice Magic      | 5 |  5.4
Stealth        | |  2.4

Action                   |  1- 3 |  4- 6 || total
-------------------------+-------+-------++-------
Melee: Short sword       |    17 |       ||    17
       Scimitar          |    22 |    24 ||    46
       Quarterstaff      |       |    16 ||    16
 Cast: Freeze            |    39 |     1 ||    40
       Frozen Ramparts   |     1 |     9 ||    10
       Ozocubu's Armour  |     1 |       ||     1
Evoke: Wand              |       |     5 ||     5
 Stab: Sleeping          |     4 |     2 ||     6
Armor: Robe              |    10 |    17 ||    27
Dodge: Dodged            |    57 |    56 ||   113

Levels and vault maps discovered:
D:1:      minmay_arrival_doors, layout_basic, ebering_dispersal_statue_hall
D:2:      layout_basic, hex_intersection, nicolae_hexahallways,
          minmay_misc_feat_chi, minmay_tree_intersection, uniq_natasha
D:3:      layout_basic, marbit_many_paths, gammafunk_temple_overflow_wave,
          chequers_ecumenical_altar_island
D:6:      layout_gridville, mainiacjoe_overflow_concentric_impassable,
          patterned_corridor

Notes
Turn   | Place    | Note
-------+----------+-------------------------------------------
     0 | D:1      | mcwallace the Deep Elf Ice Elementalist began the quest for
                  | the Orb.
     0 | D:1      | Reached XP level 1. HP: 10/10 MP: 6/6
     0 | D:1      | magus.rc [v1.9.6]
   385 | D:1      | Reached XP level 2. HP: 15/15 MP: 5/8
   645 | D:1      | Reached skill level 3 in Dodging
   984 | D:1      | Reached XP level 3. HP: 13/19 MP: 7/10
  1485 | D:1      | Learned a level 3 spell: Frozen Ramparts
  1489 | D:1      | Learned a level 3 spell: Ozocubu's Armour
  1490 | D:2      | Noticed Natasha
  1496 | D:2      | Killed Natasha
  1497 | D:2      | Reached skill level 4 in Spellcasting
  1682 | D:2      | Reached skill level 5 in Ice Magic
  1935 | D:2      | Reached XP level 4. HP: 24/24 MP: 8/12
  1953 | D:2      | Noticed Natasha
  1966 | D:2      | Killed Natasha
  1986 | D:2      | Noticed Natasha
  1989 | D:2      | Killed Natasha
  1990 | D:2      | Reached skill level 4 in Dodging
  2307 | D:2      | You add the spells Ignite Poison, Mephitic Cloud and
                  | Freezing Cloud to your library.
  2549 | D:2      | Reached XP level 5. HP: 20/28 MP: 9/14
  3019 | D:3      | Found a blossoming altar of Fedhas.
  3071 | D:3      | Found a faded altar of an unknown god.
  3261 | D:3      | You fall into a shaft and drop 3 floors!
  3277 | D:6      | Noticed an ice beast
  3289 | D:6      | Slain by an ice beast

Vanquished Creatures
  Natasha (thrice) (D:2)
  2 adders (D:2)
  3 worms
  3 dart slugs (D:1)
  An orc (D:3)
  4 bats
  5 endoplasms
  A giant cockroach (D:2)
  4 goblins
  4 hobgoblins
  10 jackals
  4 quokkas
  3 ball pythons
  2 frilled lizards (D:3)
  A kobold (D:1)
  5 rats
55 creatures vanquished.

Table legend:
 A = Non-vault XP
 B = Vault XP
 C = Vault XP percentage of total XP
 D = Non-vault monster count
 E = Vault monster count
 F = Vault count percentage of total count
                 A         B        C        D         E       F
            +---------+---------+-------+---------+---------+-------
      Total |     197 |      37 |  15.8 |      53 |       2 |   3.6
            +---------+---------+-------+---------+---------+-------
        D:1 |      43 |       0 |   0.0 |      21 |       0 |   0.0
        D:2 |     130 |      35 |  21.2 |      20 |       1 |   4.8
        D:3 |      24 |       2 |   7.7 |      12 |       1 |   7.7
            +---------+---------+-------+---------+---------+-------

Illustrated notes

Table legend:
 A = Kills in this place as a percentage of kills in entire the game.
 B = Kills by you in this place as a percentage of kills by you in the entire game.
 C = Kills by friends in this place as a percentage of kills by friends in the entire game.
 D = Other kills in this place as a percentage of other kills in the entire game.
 E = Experience gained in this place as a percentage of experience gained in the entire game.
 F = Experience gained in this place divided by the number of levels of this place that you have seen.
                   A       B       C       D       E      F
               +-------+-------+-------+-------+-------+----------------------
         Total | 100.0 | 100.0 |   N/A |   N/A | 100.0 |  58.5
       Dungeon | 100.0 | 100.0 |   N/A |   N/A | 100.0 |  58.5
               +-------+-------+-------+-------+-------+----------------------

Table legend: (Time is in decaauts)
 A = Elapsed time spent in this place.
 B = Non-inter-level travel time spent in this place.
 C = Inter-level travel time spent in this place.
 D = Time resting spent in this place.
 E = Time spent auto-exploring this place.
 F = Levels seen in this place.
 G = Mean time per level.
                   A        B        C        D        E       F      G
               +--------+--------+--------+--------+--------+-----+--------+
         Total |   3316 |   3232 |     84 |     83 |   2652 |   4 |  829.0 |
       Dungeon |   3316 |   3232 |     84 |     83 |   2652 |   4 |  829.0 |
               +--------+--------+--------+--------+--------+-----+--------+

Top non-repeatable levels by time:
     D:1: 1490 daAuts
     D:2: 1280 daAuts
     D:3: 516 daAuts
     D:6: 28 daAuts
